 Dungeon Crawl Stone Soup version 0.30.0-29-ga12c61a403 (webtiles) character file.

Game seed: 12154231603841894445

475 Irreverend the Covered (level 6, -2/82 HPs)
             Began as an Armataur Fighter on June 5, 2023.
             Was an Initiate of Okawaru.
             Slain by Pikel
             ... wielding a +1 whip of flaming
              (6 damage)
             ... on level 5 of the Dungeon.
             The game lasted 00:04:09 (3402 turns).

Irreverend the Covered (Armataur Fighter)           Turns: 3402, Time: 00:04:09

Health: -2/82      AC: 10    Str: 24    XL:     6   Next: 84%
Magic:  6/6        EV:  6    Int:  8    God:    Okawaru [......]
Gold:   132        SH:  4    Dex:  9    Spells: 5/5 levels left

rFire   . . .        a - +0 war axe
rCold   . . .        c - +0 buckler
rNeg    . . .        n - +0 chain mail
rPois   .            (no helmet)
rElec   .            j - +0 cloak
rCorr   .            (no gloves)
SInv    .            (no barding)
Will    .....        (no amulet) Stlth
                     (no ring)
HPRegen 0.33/turn    (no ring)
MPRegen 0.10/turn

%: roll
@: mighty, berserking, very quick
A: large, rugged brown scales 3, deformed body, armoured tail, roll, long
tongue, awkward tongue
a: Renounce Religion


You were on level 5 of the Dungeon.
You worshipped Okawaru.
Okawaru was noncommittal.
You visited 2 branches of the dungeon, and saw 6 of its levels.

You collected 132 gold pieces.

Inventory:

Hand Weapons
 a - a +0 war axe (weapon)
Armour
 b - a +0 scale mail
 c - a +0 buckler (worn)
 j - a +0 cloak (worn)
 n - a +0 chain mail (worn)
Jewellery
 r - a ring of fire
Wands
 m - a wand of charming (5)
 o - a wand of iceblast (6)
Scrolls
 d - a scroll of amnesia {unknown}
 e - 2 scrolls of blinking {unknown}
 h - 2 scrolls of teleportation {unknown}
 k - 6 scrolls of identify {unknown}
 s - a scroll of fog {unknown}
Potions
 g - 2 potions of heal wounds {unknown}
 i - 3 potions of brilliance
 l - a potion of berserk rage
 p - a potion of might
 q - a potion of ambrosia {unknown}
 t - a potion of attraction {unknown}


   Skills:
 + Level 4.0 Fighting
 * Level 4.0 Axes
 + Level 5.2 Armour
 + Level 4.8 Shields


You had 5 spell levels left.
You didn't know any spells.
Your spell library contained the following spells:

 Spells                   Type           Power      Damage    Failure   Level
 Freeze                   Ice            0%         1d3       95%         1
 Dazzling Flash           Conj/Hex       0%         N/A       100%        3
 Frozen Ramparts          Ice            0%         1d1       100%        3
 Hailstorm                Conj/Ice       0%         3d3       100%        3
 Volatile Blastmotes      Fire/Tloc      0%         2d10      100%        3
 Iskenderun's Mystic Bla  Conj/Tloc      0%         2d3       100%        4
 Starburst                Conj/Fire      0%         6d3       100%        6


Dungeon Overview and Level Annotations

Branches:
Dungeon (5/15)             Temple (1/1) D:4

Altars:
Ashenzari
Cheibriados
Dithmenos
Elyvilon
Fedhas
Gozag
Hepliaklqana
Kikubaaqudgha
Makhleb
Nemelex Xobeh
Okawaru
Qazlal
Sif Muna
Trog
Uskayaw
Vehumet
Wu Jian
Xom
Yredelemnul

Annotations:
D:5 Pikel
Temple 2 transporters


Innate Abilities, Weirdness & Mutations

You are completely covered in rugged brown scales. (AC +3, +7% HP)
Armour fits poorly on your strangely shaped body.
You have a long armoured tail.
You roll when moving toward enemies. (Rampage)
Your long tongue fully drains potion bottles. (2x potion effects)
Your tongue gives you trouble enunciating. (1.5x scroll delay)


Message History

The lemure hits you but does no damage. The lemure attacks as you move away!
The lemure completely misses you.
A lemure comes into view.
You slash the lemure!
The lemure is heavily wounded.
You barely miss Pikel.
Pikel is lightly wounded.
You barely miss the lemure.
A lemure comes into view.
The lemure hits you.
* * * LOW HITPOINT WARNING * * *
You barely miss Pikel.
Pikel is lightly wounded.
The lemure shouts!
You slash the lemure!
Pikel hits you with a +1 whip of flaming.
* * * LOW HITPOINT WARNING * * *
Pikel burns you.
* * * LOW HITPOINT WARNING * * *
The lemure hits you.
* * * LOW HITPOINT WARNING * * *
Pikel attacks as you move away! You block Pikel's attack.
You feel better.
You slurp down every last drop of the potion of curing!
Pikel hits you with a +1 whip of flaming.
* * * LOW HITPOINT WARNING * * *
Pikel burns you.
* * * LOW HITPOINT WARNING * * *
You block the lemure's attack. Pikel attacks as you move away!
Pikel hits you with a +1 whip of flaming.
* * * LOW HITPOINT WARNING * * *
Pikel burns you.
* * * LOW HITPOINT WARNING * * *
It was a potion of berserk rage.
A red film seems to cover your vision as you go berserk!
You feel yourself moving faster!
You feel mighty!
You slurp down every last drop of the potion of berserk rage!
Pikel hits you with a +1 whip of flaming.
You die...

..######### #..##
..# #.#.# ###
###.#######
#..........
#.......###
#.####.#.###.###
................
..####..#.#..##.#
#..@5...##.#.
#...K5.......
#...#.5.##..
#...##..#
#......†#
###.##5.# #.##..#
#.##.5# .. #...


You could see Pikel (strong) and 3 lemures.

Vanquished Creatures
  A centaur (D:5)
  A scorpion (D:5)
  A gnoll bouda (D:4)
  A sleepcap (D:4)
  2 iguanas
  An orc wizard (D:3)
  6 gnolls
  6 adders
  An ufetubus (D:4)
  2 worms (D:2)
  9 orcs
  6 ball pythons
  9 endoplasms
  5 giant cockroaches
  6 goblins
  4 hobgoblins
  2 jackals (D:5)
  5 bats
  6 frilled lizards
  8 kobolds
  6 rats
88 creatures vanquished.

Notes
Turn   | Place    | Note
-------+----------+-------------------------------------------
     0 | D:1      | Irreverend the Armataur Fighter began the quest for the
                  | Orb.
     0 | D:1      | Reached XP level 1. HP: 19/19 MP: 1/1
    29 | D:1      | Reached XP level 2. HP: 22/26 MP: 2/2
   494 | D:2      | Reached XP level 3. HP: 28/32 MP: 3/3
   549 | D:2      | Reached skill level 4 in Armour
   788 | D:2      | You fall into a shaft and drop 1 floor!
   904 | D:2      | Reached XP level 4. HP: 8/40 MP: 4/4
  1645 | D:3      | Reached XP level 5. HP: 40/48 MP: 5/5
  2027 | D:4      | Found a staircase to the Ecumenical Temple.
  2079 | Temple   | Entered the Ecumenical Temple
  2079 | Temple   | Found a transporter.
  2079 | Temple   | Found a transporter.
  2168 | Temple   | Found a transporter.
  2168 | Temple   | Found a transporter.
  2209 | Temple   | Became a worshipper of Warmaster Okawaru
  2506 | D:4      | HP: 1/48 [gnoll/+0 whip[a gnoll bouda] (3)]
  2995 | D:4      | Reached XP level 6. HP: 55/55 MP: 6/6
  3170 | D:5      | Entered Level 5 of the Dungeon
  3178 | D:5      | Reached skill level 5 in Armour
  3387 | D:5      | Noticed Pikel
  3398 | D:5      | HP: 1/55 [lemure[Pikel] (6)]
  3402 | D:5      | Slain by Pikel

Illustrated notes

Levels and vault maps discovered:
D:1:      psy_arrival_spokes, layout_rooms
D:2:      layout_loops_ring
D:3:      layout_basic
D:4:      layout_cave_pods, minmay_temple_entry_statues_pillars
D:5:      layout_loops_cross, uniq_pikel
Temple:   hellmonk_temple_divided_pantheon

Skill      XL: |  1  2  3  4  5  6 |
---------------+-------------------+-----
Axes           | 2 3 4 |  4.0
Fighting       | 3 4 |  4.0
Armour         | 4 5 |  5.2
Shields        | 4 |  4.8

Action                     |  1- 3 |  4- 6 || total
---------------------------+-------+-------++-------
  Melee: War axe           |   106 |   170 ||   276
         Tailslap          |     7 |    24 ||    31
    Use: Potion            |     1 |     5 ||     6
 Armour: Scale mail        |    74 |    24 ||    98
         Chain mail        |       |    99 ||    99
  Dodge: Dodged            |    48 |    60 ||   108
  Block: Buckler           |    21 |    38 ||    59
